[Event "Team 45 45 League T46"]
[Site "Internet Chess Club"]
[Date "2010.08.07"]
[Round "1"]
[White "Rapidcitychess"]
[Black "Helaman"]
[Result "1/2-1/2"]
[WhiteElo "1545"]
[BlackElo "1450"]
[Opening "Petrov: modern attack, Symmetrical variation"]
[ECO "C43"]
[Time "13:00:37"]
[TimeControl "2700+45"]

1. e4 e5 2. Nf3 Nf6 3. d4 Nxe4 4. Bd3 d5 5. Nxe5 Bd6 6. O-O O-O 7. Nd2 Bxe5 8.
dxe5 Nc5 9. Nf3 Nxd3 10. Qxd3 Nc6 11. Bg5 Ne7 12. Bxe7 Qxe7 13. Qxd5 c6 14. Qe4
Be6 15. c4 Rfd8 16. b3 Rd7 17. Rfd1 Rad8 18. Qe1 Bg4 19. Rxd7 Qxd7 20. Qe2 Bf5
21. h3 Qd3 22. Qxd3 Rxd3 23. Kf1 Kf8 24. Ke2 Rd7 25. Rd1 Rxd1 26. Kxd1 Ke7 27.
Kd2 c5 28. Ke3 Bb1 29. Kd2 Be4 30. Ne1 Ke6 31. f3 Bc6 32. f4 Kf5 33. Ke3 h5 34.
g3 f6 35. exf6 Kxf6 36. Nd3 b6 37. b4 cxb4 38. Nxb4 Bd7 39. Nd5+ Kg6 40. h4 Kf5
41. Kf3 Bc6 42. Kf2 Bxd5 43. cxd5 Kf6 44. Ke3 Ke7 45. Ke4 Kd6 46. Kd4 g6 47. Kc4
a6 48. a4 b5+ 49. axb5 axb5+ 50. Kd4 b4 51. Kc4 b3 52. Kxb3 Kxd5 53. Kc3 Ke4
{Game drawn by mutual agreement} 1/2-1/2

[Event "Team 45 45 League T46"]
[Site "Internet Chess Club"]
[Date "2010.08.08"]
[Round "1"]
[White "justice02"]
[Black "JWB"]
[Result "0-1"]
[WhiteElo "1706"]
[BlackElo "1710"]
[Opening "Grünfeld defense"]
[ECO "D80"]
[Time "14:30:05"]
[TimeControl "2700+45"]

1. c4 Nf6 2. d4 g6 3. Nc3 d5 4. b3 Bg7 5. Bb2 O-O 6. Nf3 c5 7. dxc5 Qa5 8. Nd2
dxc4 9. e3 Nc6 10. Bxc4 Nd7 11. Rc1 Nxc5 12. a3 Qd8 13. Qe2 Be6 14. b4 Bxc4 15.
Nxc4 Nd3+ 16. Kf1 Nxc1 17. Bxc1 Bxc3 18. h4 Ne5 19. Nxe5 Bxe5 20. h5 Rc8 21. Bd2
Rc2 22. hxg6 fxg6 23. Qg4 Qxd2 24. Qe6+ Rf7 {White resigns} 0-1

[Event "Team 45 45 League T46"]
[Site "Internet Chess Club"]
[Date "2010.08.09"]
[Round "1"]
[White "BenjaminSisko"]
[Black "itai-ron"]
[Result "0-1"]
[WhiteElo "1557"]
[BlackElo "1639"]
[Opening "Sicilian: Grand Prix attack"]
[ECO "B23"]
[Time "12:31:27"]
[TimeControl "2700+45"]

1. e4 c5 2. Nc3 Nc6 3. f4 d6 4. Nf3 Nf6 5. Bb5 Bd7 6. O-O a6 7. Bxc6 Bxc6 8. d3
g6 9. Qe1 Bg7 10. Bd2 O-O 11. Qh4 Nh5 12. f5 Bf6 13. Qh3 e5 14. g4 Nf4 15. Qg3
g5 16. Kf2 Kg7 17. Rh1 Rh8 18. h4 h6 19. Rh2 gxh4 20. Nxh4 c4 21. Rah1 cxd3 22.
cxd3 Qb6+ 23. Qe3 Qxb2 24. Rb1 Qc2 25. Ng2 Nxd3+ 26. Ke2 Nc5 27. Rxh6 Nxe4 28.
Rc1 Nxc3+ 29. Qxc3 Qxc3 30. Rxc3 Rxh6 {White resigns} 0-1

[Event "Team 45 45 League T46"]
[Site "Internet Chess Club"]
[Date "2010.08.08"]
[Round "1"]
[White "Gilguli"]
[Black "peterdiplaros"]
[Result "0-1"]
[WhiteElo "1396"]
[BlackElo "1460"]
[Opening "Sicilian defense"]
[ECO "B20"]
[Time "16:30:59"]
[TimeControl "2700+45"]

1. e4 c5 2. a3 d6 3. b4 cxb4 4. axb4 Nf6 5. f3 e5 6. Bc4 Nbd7 7. d3 Nb6 8. Bb3
Be7 9. Ne2 d5 10. c3 d4 11. O-O dxc3 12. Nexc3 Bxb4 13. Bxf7+ Kf8 14. Qb3 Qd4+
15. Kh1 a5 16. Bg5 Nfd7 17. Ra2 Nc5 18. Qc2 Kxf7 19. Nb5 Qxd3 20. Rd1 Qxb5 21.
Qb3+ Be6 22. Nc3 Bxb3 23. Nxb5 Bxd1 24. Nd6+ Kg6 25. f4 Rhd8 26. Nf5 Nxe4 27. g4
Bxg4 28. h3 Bxf5 29. Rg2 Rd1+ 30. Kh2 Kh5 {White resigns} 0-1

[Event "Team 45 45 League T46"]
[Site "Internet Chess Club"]
[Date "2010.08.08"]
[Round "1"]
[White "Gregorio"]
[Black "chiiwen"]
[Result "0-1"]
[WhiteElo "1952"]
[BlackElo "2133"]
[Opening "English: Anglo-Dutch defense"]
[ECO "A10"]
[Time "22:05:10"]
[TimeControl "2700+45"]

1. c4 f5 2. g3 Nf6 3. Nf3 d6 4. d4 g6 5. Nc3 Bg7 6. Qc2 O-O 7. Bg2 Qe8 8. Bd2 c6
9. Ng5 h6 10. Nh3 e5 11. dxe5 dxe5 12. O-O-O Be6 13. Nb1 Na6 14. f3 b5 15. c5
Qe7 16. b4 Qf7 17. Kb2 Bxa2 18. e4 Be6 19. Nf2 Rfd8 20. Nd3 fxe4 21. fxe4 Bc4
22. Bc3 Nd7 23. Rhf1 Qe7 24. Bh3 Nc7 25. Na3 Be6 26. Bxe6+ Nxe6 27. Qb3 Kh8 28.
Rf2 a5 29. Rdf1 axb4 30. Bxb4 Ndxc5 31. Nc1 Qd7 32. Qe3 Qd4+ 33. Qxd4 exd4 34.
Re1 d3+ 35. e5 Na4+ 36. Kb1 c5 37. Bd2 c4 38. Na2 c3 39. Bf4 b4 40. Nxb4 Rab8
41. Re4 {White resigns} 0-1

[Event "Team 45 45 League T46"]
[Site "Internet Chess Club"]
[Date "2010.08.07"]
[Round "1"]
[White "martineden"]
[Black "BlackHorse"]
[Result "0-1"]
[WhiteElo "1859"]
[BlackElo "2072"]
[Opening "King's Indian: fianchetto, classical variation"]
[ECO "E67"]
[Time "11:09:53"]
[TimeControl "2700+45"]

1. c4 Nf6 2. d4 g6 3. Nf3 Bg7 4. g3 d6 5. Bg2 O-O 6. O-O Nbd7 7. Nc3 e5 8. h3
Re8 9. Be3 c6 10. Qc2 Nf8 11. dxe5 dxe5 12. Rfd1 Qe7 13. Ng5 Bf5 14. Nge4 Nxe4
15. Nxe4 Bxe4 16. Bxe4 f5 17. Bf3 Ne6 18. Qc1 g5 19. Kf1 f4 20. Bd2 Nd4 21. Bh5
Rf8 22. e3 fxg3 23. exd4 Rxf2+ 24. Kg1 exd4 25. Be1 Qe4 26. Bxf2 gxf2+ 27. Kf1
Qh1+ 28. Ke2 Qe4+ 29. Kd2 g4 30. hxg4 Bh6+ {White resigns} 0-1

[Event "Team 45 45 League T46"]
[Site "Internet Chess Club"]
[Date "2010.08.10"]
[Round "1"]
[White "Speedy-Reedy"]
[Black "Mambo"]
[Result "0-1"]
[WhiteElo "1832"]
[BlackElo "1702"]
[Opening "Giuoco Pianissimo"]
[ECO "C55"]
[Time "13:10:36"]
[TimeControl "2700+45"]

1. e4 e5 2. Nf3 Nc6 3. Bc4 Nf6 4. d3 Bc5 5. c3 a6 6. Bb3 d6 7. h3 O-O 8. Bg5 Be6
9. Nbd2 h6 10. Bh4 g5 11. Bg3 Qe7 12. Nf1 a5 13. Ne3 Bxe3 14. fxe3 Bxb3 15. axb3
Qe6 16. O-O d5 17. exd5 Nxd5 18. Qe2 Rae8 19. Nd2 f5 20. e4 fxe4 21. Nxe4 Nf4
22. Bxf4 gxf4 23. Nc5 Qd5 24. Ne4 Qxb3 25. Qg4+ Kh7 26. Qh4 Re7 27. Kh1 Qxb2 28.
Nf6+ Kg6 29. Ng4 h5 30. Nf2 Qxc3 31. Ne4 Qd4 32. Qg5+ Kh7 33. Qxh5+ Kg8 34. Qg6+
Rg7 35. Nf6+ Rxf6 36. Qxf6 Qxd3 37. Qe6+ Kh7 38. Rad1 Qc2 39. Qd5 Qg6 40. Rd2 b6
41. Rc1 Nd4 42. Re1 Qd6 43. Qe4+ Kh8 44. Qxe5 Qxe5 45. Rxe5 c5 46. Rb2 Rg6 47.
Re8+ Kg7 48. Rb8 b5 49. R8xb5 Nxb5 50. Rxb5 Ra6 51. Rxc5 a4 52. Rc2 a3 53. Ra2
Kg6 54. Kg1 Kg5 55. Kf2 Kh4 56. Kf3 Ra4 57. Kf2 Kg5 58. Kf3 Kg6 59. Kg4 Kf6 60.
Kf3 Kg5 61. Ke2 Kh4 62. Kf2 Kh5 63. Kf3 Kh6 64. Kg4 Kg6 65. Kf3 Kf5 66. Kf2 Ke4
67. Ke2 Ke5 68. Kd3 Kf5 69. Kd2 Kf6 70. Kd3 Kg6 71. Ke2 Ra7 72. Kf3 Kg5 73. Ke4
Ra8 74. Kf3 Kf5 75. Kf2 Ke4 76. Ke2 Ra6 77. Kd2 Kd4 78. Kc2 Rg6 79. Kb3 Rg3+ 80.
Kb4 Ke4 81. Rxa3 Rxg2 82. Kc5 f3 83. Ra4+ Ke3 84. Kd5 f2 85. Ra3+ Kf4 86. Ra4+
Kg3 87. Ra3+ Kh2 88. Rf3 Kg1 89. Ke4 f1=Q 90. Rxf1+ Kxf1 91. Kf4 Rg8 92. h4 Kg2
93. h5 Kh3 94. h6 Rg6 95. h7 Rh6 96. h8=Q Rxh8 {White resigns} 0-1

[Event "Team 45 45 League T46"]
[Site "Internet Chess Club"]
[Date "2010.08.09"]
[Round "1"]
[White "Atlantis"]
[Black "Troparion"]
[Result "0-1"]
[WhiteElo "1845"]
[BlackElo "1817"]
[Opening "Czech Benoni defense"]
[ECO "A56"]
[Time "19:00:33"]
[TimeControl "2700+45"]

1. d4 Nf6 2. c4 c5 3. d5 e5 4. Nc3 d6 5. e4 Nbd7 6. Nf3 Be7 7. Bd3 a6 8. a4 O-O
9. O-O Ne8 10. Ne1 Bg5 11. f4 Bxf4 12. Bxf4 exf4 13. Rxf4 Ne5 14. Be2 g6 15. b3
Ng7 16. Nd3 Nxd3 17. Qxd3 Qg5 18. Raf1 f5 19. Kh1 Bd7 20. Qd1 Qe7 21. exf5 Rxf5
22. Bd3 Rxf4 23. Rxf4 Qe5 24. Qd2 Bf5 25. Bxf5 Nxf5 26. Re4 Qg7 27. g3 Rf8 28.
Rf4 Qh6 29. Qf2 Nxg3+ 30. Qxg3 Qxf4 31. Kg2 Qf1# {White checkmated} 0-1

[Event "Team 45 45 League T46"]
[Site "Internet Chess Club"]
[Date "2010.08.07"]
[Round "1"]
[White "SlimeDog2"]
[Black "Paulkov"]
[Result "1/2-1/2"]
[WhiteElo "2192"]
[BlackElo "2271"]
[Opening "Benoni: fianchetto variation"]
[ECO "A62"]
[Time "19:00:14"]
[TimeControl "2700+45"]

1. d4 Nf6 2. c4 c5 3. d5 e6 4. Nc3 exd5 5. cxd5 d6 6. Nf3 g6 7. g3 Bg7 8. Bg2
O-O 9. O-O Re8 10. Nd2 Nbd7 11. h3 Rb8 12. a4 a6 13. Nc4 Ne5 14. Na3 c4 15. Be3
Bd7 16. Ba7 Ra8 17. Bd4 Nh5 18. Bxe5 Bxe5 19. Nxc4 Bxc3 20. bxc3 Qc7 21. Qd4
Rab8 22. g4 Ng7 23. Rfe1 f5 24. Nb6 fxg4 25. hxg4 Bxg4 {Game drawn by mutual
agreement} 1/2-1/2

[Event "Team 45 45 League T46"]
[Site "Internet Chess Club"]
[Date "2010.08.08"]
[Round "1"]
[White "jorobo"]
[Black "chsrules88"]
[Result "1/2-1/2"]
[WhiteElo "2130"]
[BlackElo "2020"]
[Opening "QGD: Chigorin defense"]
[ECO "D07"]
[Time "12:30:38"]
[TimeControl "2700+45"]

1. d4 d5 2. c4 Nc6 3. cxd5 Qxd5 4. e3 e5 5. Nc3 Bb4 6. Bd2 Bxc3 7. bxc3 exd4 8.
cxd4 Nf6 9. Nf3 Bf5 10. Be2 O-O 11. O-O Rfe8 12. Qc1 a6 13. Qb2 Ne4 14. Rfc1
Rab8 15. Be1 h6 16. Nd2 g5 17. Nxe4 Bxe4 18. Rc5 Qd6 19. f3 Bg6 20. Bg3 Qd7 21.
Bf2 Ne7 22. Rac1 c6 23. e4 f5 24. Re5 Kh7 25. Bd3 fxe4 26. fxe4 Ng8 27. Bg3 Nf6
28. Rxe8 Rxe8 29. Be5 Ng4 30. Bg3 Bxe4 31. Be2 Nf6 32. Be5 Nd5 33. Qb3 Rf8 34.
Qg3 Nf4 35. Bg4 Qd5 36. Rf1 Bxg2 37. Rxf4 Rxf4 38. Bxf4 gxf4 39. Qxg2 Qxd4+ 40.
Qf2 Qe4 41. Bf3 Qb1+ 42. Kg2 Qg6+ 43. Kf1 Qb1+ 44. Kg2 Qg6+ 45. Kf1 Qb1+ 46. Kg2
Qg6+ {Game drawn by repetition} 1/2-1/2

[Event "Team 45 45 League T46"]
[Site "Internet Chess Club"]
[Date "2010.08.06"]
[Round "1"]
[White "charles-allen"]
[Black "az2112"]
[Result "1-0"]
[WhiteElo "1890"]
[BlackElo "1755"]
[Opening "Four knights: Scotch, 4...exd4"]
[ECO "C47"]
[Time "21:00:19"]
[TimeControl "2700+45"]

1. e4 e5 2. Nc3 Nf6 3. Nf3 Nc6 4. d4 exd4 5. Nxd4 Bb4 6. Nxc6 bxc6 7. Qd4 Qe7 8.
f3 Bc5 9. Qd3 a5 10. Be3 Ba6 11. Bxc5 Qxc5 12. Qd2 Bxf1 13. Rxf1 Qb4 14. O-O-O
Rb8 15. b3 a4 16. e5 Qa3+ 17. Kb1 axb3 18. cxb3 Nd5 19. Nxd5 cxd5 20. Qxd5 O-O
21. Rf2 Rfd8 22. Rfd2 Qe7 23. Qc4 Qxe5 24. Rxd7 Rxd7 25. Rxd7 Qf5+ 26. Qd3 Qxd3+
27. Rxd3 Kf8 28. Rc3 Rc8 29. b4 Ke7 30. b5 Kd6 31. Kc2 Ra8 32. Kb3 Rb8 33. Kb4
Rb6 34. a4 c6 35. Rxc6+ Rxc6 36. bxc6 Kxc6 37. Kc4 f5 38. Kd4 Kd6 39. a5 g6 40.
a6 Kc6 41. Ke5 Kb6 42. Kf6 Kxa6 43. Kg7 g5 44. Kxh7 g4 45. f4 Kb5 46. Kg6 Kc6
47. Kxf5 g3 48. hxg3 Kd7 49. Kf6 Ke8 50. Kg7 {Black resigns} 1-0

[Event "Team 45 45 League T46"]
[Site "Internet Chess Club"]
[Date "2010.08.07"]
[Round "1"]
[White "Magagna"]
[Black "Constrictor"]
[Result "1-0"]
[WhiteElo "1872"]
[BlackElo "1718"]
[Opening "Budapest: Adler variation"]
[ECO "A52"]
[Time "11:04:40"]
[TimeControl "2700+45"]

1. d4 Nf6 2. c4 e5 3. dxe5 Ng4 4. Nf3 Nc6 5. e3 Ngxe5 6. Nbd2 Bb4 7. a3 Bxd2+ 8.
Bxd2 O-O 9. Be2 Qe7 10. Qc2 a5 11. O-O d6 12. Rac1 Bg4 13. Nxe5 Nxe5 14. f3 Bh5
15. e4 Nc6 16. Bc3 Bg6 17. g4 Rfe8 18. Kh1 a4 19. Rg1 Qd7 20. Rg3 Na5 21. Rcg1
Nb3 22. h4 f6 23. h5 Bf7 24. h6 g6 25. Bxf6 Qc6 26. Qc3 Qc5 27. Bd3 Re6 28. f4
Rxf6 29. Qxf6 Kf8 30. e5 Qf2 31. e6 {Black resigns} 1-0

[Event "Team 45 45 League T46"]
[Site "Internet Chess Club"]
[Date "2010.08.08"]
[Round "1"]
[White "ILRE"]
[Black "smsxman"]
[Result "1-0"]
[WhiteElo "1486"]
[BlackElo "1483"]
[Opening "Ruy Lopez: old Steinitz defense"]
[ECO "C62"]
[Time "12:59:49"]
[TimeControl "2700+45"]

1. e4 e5 2. Nf3 Nc6 3. Bb5 d6 4. d4 exd4 5. Nxd4 Bd7 6. Nc3 Be7 7. Bxc6 bxc6 8.
Qf3 Nf6 9. O-O O-O 10. Re1 c5 11. Nf5 Bxf5 12. Qxf5 Re8 13. h3 Nd7 14. Bd2 Ne5
15. Nd5 Nc4 16. Bc3 Nb6 17. Nxe7+ Qxe7 18. Qg4 f6 19. b3 Qf7 20. Rad1 d5 21.
exd5 Nxd5 22. Rxe8+ Rxe8 23. Bd2 Rd8 24. Be3 Qf8 25. Qe6+ Qf7 26. Qxf7+ Kxf7 27.
c4 c6 28. cxd5 cxd5 29. Bxc5 Rd7 30. Rd2 a6 31. b4 g6 32. Kf1 f5 33. Rd4 Ke6 34.
Rd3 Rc7 35. Ra3 Rc6 36. Re3+ Kf6 37. Rc3 Ke6 38. Ke2 f4 39. Kd3 g5 40. Kd4 h5
41. g3 Rc8 42. Ra3 Rc6 43. Rc3 Rc8 44. a4 Rc6 45. b5 axb5 46. axb5 Rc8 47. Rb3
Ra8 48. Rb2 fxg3 49. fxg3 Ra4+ 50. Ke3 Re4+ 51. Kf3 g4+ 52. hxg4 hxg4+ 53. Kf2
Rc4 54. b6 d4 55. b7 d3 56. b8=Q Rc2+ 57. Rxc2 dxc2 58. Ba3 {Black resigns} 1-0

[Event "Team 45 45 League T46"]
[Site "Internet Chess Club"]
[Date "2010.08.07"]
[Round "1"]
[White "tryanything"]
[Black "houseofcook"]
[Result "1/2-1/2"]
[WhiteElo "1632"]
[BlackElo "1450"]
[Opening "French: advance, Milner-Barry gambit"]
[ECO "C02"]
[Time "04:30:26"]
[TimeControl "2700+45"]

1. e4 e6 2. d4 d5 3. e5 c5 4. c3 Qb6 5. Nf3 Nc6 6. Bd3 cxd4 7. cxd4 Nge7 8. O-O
Nf5 9. Bxf5 exf5 10. Nc3 Be6 11. a3 Be7 12. b4 O-O 13. Na4 Qd8 14. Nc5 b6 15.
Nxe6 fxe6 16. Bb2 b5 17. Ne1 Qb6 18. Rc1 a5 19. bxa5 Rxa5 20. Nc2 b4 21. Nxb4
Nxb4 22. axb4 Bxb4 23. Bc3 Bxc3 24. Rxc3 Raa8 25. Qd2 Rfc8 26. g3 Qb7 27. Rfc1
Rxc3 28. Qxc3 Rb8 29. h4 Qb6 30. Kg2 h6 31. Qc5 Kh7 32. Qxb6 Rxb6 33. Rc3 h5 34.
f4 {Game drawn by mutual agreement} 1/2-1/2

[Event "Team 45 45 League T46"]
[Site "Internet Chess Club"]
[Date "2010.08.09"]
[Round "1"]
[White "blizzard13"]
[Black "ars-felidae"]
[Result "0-1"]
[WhiteElo "1483"]
[BlackElo "1367"]
[Opening "English opening"]
[ECO "A20"]
[Time "04:00:58"]
[TimeControl "2700+45"]

1. c4 e5 2. g3 Nf6 3. Bg2 Nc6 4. Nc3 Bc5 5. e3 d6 6. h3 Be6 7. b3 O-O 8. Nf3 Qd7
9. Ng5 h6 10. Nxe6 fxe6 11. g4 d5 12. Qe2 d4 13. Ne4 Nxe4 14. Bxe4 dxe3 15. dxe3
Bb4+ 16. Kf1 Rad8 17. Kg2 Be7 18. a3 Bh4 19. f3 Na5 20. Rb1 Qd6 21. b4 Nc6 22.
c5 Qd7 23. Rb2 Ne7 24. Bxb7 c6 25. Ba6 Nd5 26. Rd2 e4 27. f4 Qf7 28. Rf1 g5 29.
f5 exf5 30. Rxf5 Qc7 31. Kf1 Rxf5+ 32. gxf5 Qg3 33. Rxd5 cxd5 34. Bb7 Qxh3+ 35.
Qg2 Qxf5+ 36. Ke2 Rf8 37. Kd2 Qf7 38. Ba6 Qe6 39. Be2 d4 40. Qg4 Qa2+ 41. Kd1
Qb3+ 42. Kd2 Qc3+ 43. Kd1 Qb3+ 44. Kd2 dxe3# {White checkmated} 0-1

[Event "Team 45 45 League T46"]
[Site "Internet Chess Club"]
[Date "2010.08.07"]
[Round "1"]
[White "DrOMM"]
[Black "bigdill"]
[Result "1-0"]
[WhiteElo "1325"]
[BlackElo "948"]
[Opening "QGD: 4.Nf3"]
[ECO "D37"]
[Time "09:00:36"]
[TimeControl "2700+45"]

1. d4 d5 2. c4 e6 3. Nc3 Nf6 4. Nf3 dxc4 5. e3 Bb4 6. Bxc4 Ne4 7. Bd2 Ng5 8. O-O
Qf6 9. Nxg5 Qxg5 10. Nb5 Na6 11. Bxb4 c6 12. Nd6+ Kd8 13. Nxf7+ Ke8 14. Nxg5
Nxb4 15. Bxe6 h6 16. Bxc8 Rxc8 17. Ne6 Rg8 18. a3 Nd5 19. e4 Nb6 20. Rc1 Na4 21.
Qxa4 {Black resigns} 1-0

[Event "Team 45 45 League T46"]
[Site "Internet Chess Club"]
[Date "2010.08.06"]
[Round "1"]
[White "JohLeb"]
[Black "rookmaster23"]
[Result "0-1"]
[WhiteElo "1380"]
[BlackElo "1442"]
[Opening "King's Indian: 4.e4"]
[ECO "E70"]
[Time "14:59:25"]
[TimeControl "2700+45"]

1. d4 Nf6 2. c4 g6 3. Nc3 Bg7 4. e4 d6 5. Bd3 O-O 6. Nge2 c5 7. d5 e6 8. Bg5
exd5 9. exd5 Re8 10. O-O Nbd7 11. b3 Ne5 12. Bc2 h6 13. Bh4 Qa5 14. Nb5 Qb6 15.
Rc1 a6 16. Nbc3 Bd7 17. f4 Neg4 18. Bf2 Nh5 19. h3 Ne3 20. Bxe3 Rxe3 21. Qd2
Rae8 22. Rce1 Qb4 23. Rf3 Bxc3 24. Nxc3 Rxe1+ 25. Kh2 R8e2 26. Qd3 Bf5 27. Ne4
Bxe4 {White resigns} 0-1

[Event "Team 45 45 League T46"]
[Site "Internet Chess Club"]
[Date "2010.08.07"]
[Round "1"]
[White "krysto"]
[Black "trickey1872"]
[Result "1-0"]
[WhiteElo "1373"]
[BlackElo "1428"]
[Opening "Sicilian: Alapin's variation (2.c3)"]
[ECO "B22"]
[Time "14:59:41"]
[TimeControl "2700+45"]

1. e4 c5 2. c3 g6 3. d4 cxd4 4. cxd4 Bg7 5. Nf3 e6 6. Bb5 a6 7. Ba4 b5 8. Bb3
Bb7 9. Bc2 d5 10. Nbd2 Qb6 11. e5 Ne7 12. O-O O-O 13. Nb3 Nd7 14. Be3 Nf5 15.
Bxf5 exf5 16. Rc1 Rac8 17. Qd2 Rfe8 18. Rfe1 f6 19. h4 fxe5 20. dxe5 Qe6 21.
Nbd4 Rxc1 22. Nxe6 Rxe1+ 23. Qxe1 Rxe6 24. Qa5 Nf8 25. Qc7 Bc6 26. Bf4 Bd7 27.
Nd4 Re7 28. e6 Bxd4 29. exd7 Rxd7 30. Qc6 Bxb2 31. Qxa6 b4 32. h5 d4 33. Qa8 d3
34. Bh6 Bg7 35. Bd2 Bc3 36. Bh6 Bg7 37. Bxg7 Kxg7 38. h6+ Kxh6 39. Qxf8+ Kg5 40.
f4+ Kg4 41. Qh6 d2 42. Qg5# {Black checkmated} 1-0

[Event "Team 45 45 League T46"]
[Site "Internet Chess Club"]
[Date "2010.08.09"]
[Round "1"]
[White "supraholic"]
[Black "Fogbound"]
[Result "0-1"]
[WhiteElo "1278"]
[BlackElo "1317"]
[Opening "Sicilian defense"]
[ECO "B30"]
[Time "14:00:31"]
[TimeControl "2700+45"]

1. e4 c5 2. Nf3 Nc6 3. Bc4 e6 4. Nc3 Nf6 5. e5 Ng4 6. Qe2 Nh6 7. O-O Nf5 8. d3
h6 9. Be3 Be7 10. Rad1 Nfd4 11. Nxd4 cxd4 12. Nb5 dxe3 13. Nd6+ Bxd6 14. exd6
O-O 15. fxe3 Ne5 16. d4 Nxc4 17. Qxc4 Qg5 18. Rf3 b6 19. Qc7 Ba6 20. Qxd7 Be2
21. Rg3 Qf6 22. Re1 Rad8 23. Qxa7 Rxd6 24. Rxe2 Qd8 25. Rf2 Rd7 26. Qxb6 Qxb6
{White resigns} 0-1

[Event "Team 45 45 League T46"]
[Site "Internet Chess Club"]
[Date "2010.08.08"]
[Round "1"]
[White "badmove"]
[Black "BrerRabbit"]
[Result "1/2-1/2"]
[WhiteElo "1760"]
[BlackElo "1515"]
[Opening "King's Indian: 5.Nf3"]
[ECO "E90"]
[Time "18:01:53"]
[TimeControl "2700+45"]

1. d4 Nf6 2. c4 g6 3. Nc3 Bg7 4. e4 d6 5. Nf3 O-O 6. h3 e5 7. dxe5 dxe5 8. Qxd8
Rxd8 9. Bg5 Re8 10. Nd5 Nxd5 11. cxd5 c6 12. Bc4 cxd5 13. Bxd5 Nd7 14. Nd2 Nb6
15. Bb3 Bd7 16. Nc4 Nxc4 17. Bxc4 Bc6 18. f3 h6 19. Bh4 g5 20. Bf2 a6 21. O-O
Rac8 22. Rac1 Red8 23. Bb3 Rd2 24. Rb1 Bf8 25. Rfd1 Rcd8 26. Be3 Rxd1+ 27. Rxd1
Rxd1+ 28. Bxd1 Bd6 29. Kf2 f6 30. Bb3+ Kf8 31. Be6 Ke7 32. Bf5 Bd7 33. Bxd7 Kxd7
34. h4 Ke6 35. g4 Kd7 36. h5 Kc6 37. Ke2 Bc5 38. Bd2 Kb5 39. Kd3 Bd4 40. b3 Bc5
41. a4+ Kc6 42. Kc4 b5+ 43. axb5+ axb5+ 44. Kd3 Kb6 45. Kc3 Ka6 46. Kd3 Kb6
{Game drawn by mutual agreement} 1/2-1/2

[Event "Team 45 45 League T46"]
[Site "Internet Chess Club"]
[Date "2010.08.11"]
[Round "1"]
[White "SCUGrad"]
[Black "dscvdchk"]
[Result "1/2-1/2"]
[WhiteElo "1421"]
[BlackElo "1482"]
[Opening "Petrov: classical attack, Marshall variation"]
[ECO "C42"]
[Time "08:00:25"]
[TimeControl "2700+45"]

1. e4 e5 2. Nf3 Nf6 3. Nxe5 d6 4. Nf3 Nxe4 5. d4 d5 6. Bd3 Bd6 7. O-O O-O 8. c4
c6 9. Re1 Re8 10. Nc3 Nxc3 11. bxc3 Rxe1+ 12. Qxe1 h6 13. Bd2 Be6 14. c5 Bc7 15.
Ne5 Nd7 16. Bf4 Nxe5 17. Bxe5 Bxe5 18. Qxe5 Qd7 19. Rb1 Re8 20. Qf4 Qc8 21. a4
Re7 22. h3 Qc7 23. Qxc7 Rxc7 24. a5 a6 25. f4 f5 26. Re1 Kf7 27. h4 g6 28. Re3
Kf6 29. Kf2 Rg7 30. Rg3 g5 31. hxg5+ hxg5 32. fxg5+ Rxg5 33. Rxg5 Kxg5 34. Kf3
f4 35. g3 Bg4+ 36. Kf2 {Game drawn by mutual agreement} 1/2-1/2

[Event "Team 45 45 League T46"]
[Site "Internet Chess Club"]
[Date "2010.08.06"]
[Round "1"]
[White "chicopee-ed"]
[Black "AlPearson"]
[Result "1/2-1/2"]
[WhiteElo "1300"]
[BlackElo "1475"]
[Opening "King's Indian: East Indian defense"]
[ECO "A48"]
[Time "10:05:41"]
[TimeControl "2700+45"]

1. d4 Nf6 2. Nf3 g6 3. Nbd2 Bg7 4. e4 d6 5. Bd3 O-O 6. O-O c5 7. c3 cxd4 8. cxd4
Nc6 9. Re1 b6 10. Qe2 Nb4 11. d5 Nxd3 12. Qxd3 a5 13. Nd4 Ba6 14. Qe3 Rc8 15. h3
Qc7 16. N2b3 Qc4 17. Bd2 Qd3 18. Rac1 Qxe3 19. Rxe3 a4 20. Na1 Bh6 21. Nc6 Kg7
22. Nxe7 Rxc1+ 23. Bxc1 Bxe3 24. Bxe3 Re8 25. Nc6 Rxe4 26. Bxb6 Re1+ 27. Kh2
Rxa1 28. Nb4 Bc4 29. Bc7 Nxd5 30. Nxd5 Bxd5 31. a3 Ra2 32. Bxd6 Rxb2 33. Be5+
Kh6 34. Bxb2 Kg5 35. Be5 Kf5 36. Bd6 Ke4 37. Kg3 Kd3 38. f3 Ke2 39. Kh2 Bxf3 40.
gxf3 Kxf3 41. Be7 f5 42. Bg5 f4 43. Kg1 Kg3 44. h4 Kf3 45. Kf1 Kg3 {Game drawn
by mutual agreement} 1/2-1/2

[Event "Team 45 45 League T46"]
[Site "Internet Chess Club"]
[Date "2010.08.08"]
[Round "1"]
[White "AtomicDog"]
[Black "vishnugupta"]
[Result "0-1"]
[WhiteElo "1486"]
[BlackElo "1333"]
[Opening "Sicilian defense"]
[ECO "B41"]
[Time "16:06:35"]
[TimeControl "2700+45"]

1. e4 c5 2. Nf3 e6 3. d4 cxd4 4. Nxd4 e5 5. Nb5 d6 6. Bc4 Nf6 7. N1c3 a6 8. Na3
b5 9. Bd5 Ra7 10. Be3 Rd7 11. Ne2 Bb7 12. f3 Qa5+ 13. c3 Bxd5 14. exd5 b4 15.
cxb4 Qxd5 16. Qc2 Be7 17. Nc3 Qb7 18. O-O Qxb4 19. Rad1 Rb7 20. Qd3 O-O 21. Nd5
Nxd5 22. Qxd5 Nd7 23. Nc2 Qb5 24. Qxb5 Rxb5 25. b3 Nf6 26. Na3 Ra5 27. Nc4 Rxa2
28. Nxd6 Rd8 29. Nf5 Rxd1 30. Rxd1 Kf8 31. Nxe7 Kxe7 32. Bc5+ Ke6 33. Rd6+ Kf5
34. Be3 Ra3 35. g4+ Kg6 36. g5 Rxb3 37. Bd2 Rxf3 38. gxf6 gxf6 39. Rxa6 e4 40.
Kg2 Rd3 41. Bf4 Rf3 42. Bg3 Kf5 43. Bh4 Kg4 44. Bxf6 h5 45. Ra4 Rxf6 46. Rxe4+
Kg5 47. Kg3 Rf1 48. h4+ Kf5 49. Rb4 Kg6 50. Rb6+ Rf6 51. Rb8 Kh7 52. Rb7 Kg7 53.
Rb3 Rg6+ 54. Kh3 f5 55. Rb5 Rf6 56. Kg3 Kh6 57. Kf4 Kg6 58. Re5 Rf8 59. Rxf5
Rxf5+ {White resigns} 0-1

[Event "Team 45 45 League T46"]
[Site "Internet Chess Club"]
[Date "2010.08.09"]
[Round "1"]
[White "zigzag2002"]
[Black "kid6988"]
[Result "1-0"]
[WhiteElo "1635"]
[BlackElo "1368"]
[Opening "Sicilian: Alapin's variation (2.c3)"]
[ECO "B22"]
[Time "20:00:10"]
[TimeControl "2700+45"]

1. e4 c5 2. c3 Nc6 3. Nf3 d6 4. d4 cxd4 5. cxd4 g6 6. Nc3 Bg7 7. Be3 Bg4 8. Be2
e5 9. d5 Nd4 10. Nxd4 exd4 11. Bxd4 Bxe2 12. Nxe2 Qa5+ 13. Bc3 Bxc3+ 14. Nxc3
Qb4 15. O-O Qxb2 16. Qd4 f6 17. Rab1 Qa3 18. Nb5 Qa5 19. Nxd6+ Kd7 20. Nxb7 Qxa2
21. Nc5+ Kd6 22. e5+ fxe5 23. Ne4+ Kd7 24. Qxe5 Qa6 25. Nc5+ Kc8 26. Nxa6 Kd8
27. Qxh8 Kd7 28. Nb8+ Kc7 29. Qxg8 Kd6 30. Qe6+ Kc7 31. Qd7# {Black checkmated}
1-0

[Event "Team 45 45 League T46"]
[Site "Internet Chess Club"]
[Date "2010.08.08"]
[Round "1"]
[White "kingsleywang"]
[Black "cazj"]
[Result "0-1"]
[WhiteElo "1123"]
[BlackElo "1317"]
[Opening "Ruy Lopez: classical (Cordel) defense"]
[ECO "C64"]
[Time "12:31:03"]
[TimeControl "2700+45"]

1. e4 e5 2. Nf3 Nc6 3. Bb5 Bc5 4. Bxc6 dxc6 5. O-O Bg4 6. h3 Bh5 7. Nc3 Nf6 8.
a3 Qd7 9. b4 Bd4 10. Bb2 O-O 11. Rb1 Rad8 12. Re1 Rfe8 13. Qe2 Re6 14. Qd3 Rd6
15. Nxd4 Rxd4 16. Qe3 Rxd2 17. Na4 Qd6 18. Qg3 Re8 19. c4 Be2 20. Bc3 Rc2 21.
Qe3 Bxc4 22. Red1 Qe7 23. Qxa7 Nxe4 24. Bb2 Qh4 25. f3 Nf2 26. Rd7 Nxh3+ 27. Kh1
Nf2+ 28. Kg1 Qh1# {White checkmated} 0-1